 Dungeon Crawl Stone Soup version 0.31.0-32-g396128a36d (webtiles) character file.

Game seed: 11209832927193708939

48 Frank the Ducker (level 3, -5/26 HPs)
             Began as an Octopode Fighter on Apr 8, 2024.
             Slain by a gnoll
             ... wielding a +0 whip
              (6 damage)
             ... on level 2 of the Dungeon.
             The game lasted 00:01:16 (867 turns).

Frank the Ducker (Octopode Fighter)                  Turns: 867, Time: 00:01:16

Health: -5/26      AC:  1    Str: 17    XL:     3   Next: 72%
Magic:  3/3        EV: 13    Int: 10    God:
Gold:   69         SH:  4    Dex: 11    Spells: 2/2 levels left

rFire   . . .        a - +0 war axe
rCold   . . .        b - +0 buckler
rNeg    . . .        (helmet restricted)
rPois   .            (no amulet)
rElec   .            (no ring)
rCorr   .            (no ring)
SInv    .            (no ring)
Will    .....        (no ring)
Stlth   +++          (no ring)
HPRegen 0.24/turn    (no ring)
MPRegen 0.08/turn    (no ring)
                     (no ring)

%: no passive effects
@: no status effects
A: almost no armour, amphibious, 8 rings, camouflage 1, gelatinous body 1,
(nimble swimmer 1), tentacles
a: no special abilities


You were on level 2 of the Dungeon.
You visited 1 branch of the dungeon, and saw 2 of its levels.

You collected 69 gold pieces.

Inventory:

Hand Weapons
 a - a +0 war axe (weapon)
Armour
 b - a +0 buckler (worn)
Potions
 c - a potion of might
 d - a potion of mutation
 e - a potion of curing {unknown}


   Skills:
 + Level 3.3 Fighting
 + Level 2.3 Axes
 + Level 3.6 Dodging
 + Level 1.4 Stealth
 + Level 3.1 Shields


You had 2 spell levels left.
You didn't know any spells.
Your spell library was empty.

Dungeon Overview and Level Annotations

Branches:
Dungeon (2/15)

Altars:


Innate Abilities, Weirdness & Mutations

You cannot wear most types of armour.
You are amphibious.
You can wear up to eight rings at the same time.
Your skin changes colour to match your surroundings (Stealth+).
Your rubbery body absorbs attacks. (AC +1, EV +1)
((You are camouflaged when in or above water. (Stealth+)))
You have tentacles for arms and can constrict up to eight enemies at once.


Message History

You hit the endoplasm.
The endoplasm is lightly wounded.
The endoplasm hits you.
You hit the endoplasm. You tentacle-slap the endoplasm.
You kill the endoplasm!
No target in view!
No target in view!
No target in view!
No target in view!
No target in view!
A gnoll comes into view.
It is wielding a +0 flail of protection.
A gnoll is nearby! 2 gnolls come into view.
A hobgoblin comes into view.
The hobgoblin shouts!
The gnoll shouts! x2
The gnoll hits you with a +0 flail of protection!
You hit the gnoll. Your grab misses the gnoll.
The gnoll is heavily wounded.
You barely miss the gnoll. The gnoll closely misses you.
The gnoll hits you with a +0 flail of protection!
You are too injured to fight recklessly!
You are too injured to fight recklessly!
You are too injured to fight recklessly!
You are too injured to fight recklessly!
You are too injured to fight recklessly!
You are too injured to fight recklessly!
You are too injured to fight recklessly!
You are too injured to fight recklessly!
You are too injured to fight recklessly!
You are too injured to fight recklessly!
You are too injured to fight recklessly!
Unknown command.
The gnoll attacks as it pursues you! The gnoll barely misses you.
The gnoll attacks as it pursues you! The gnoll completely misses you.
A kobold comes into view. It is wielding a +3 whip.
The gnoll attacks as it pursues you!
The gnoll hits you with a +0 flail of protection!
* * * LOW HITPOINT WARNING * * *
The gnoll hits you with a +0 whip.
You die...

................
..K....##...............
.......##...............
.......##...............
...#.##...............
.......#.............
#....#..............
########..#..........###...
##........g@..........####..
.....####gg#..#.......##....
#.....g.#.#........#..##.
#............†.)<....#...
#.##...####........###... #
#..#####........# #... #...#
#...#......###...
#..####................
#...# #........######...


You could see 3 gnolls, a hobgoblin and a kobold (asleep).

Vanquished Creatures
  3 dart slugs (D:1)
  5 ball pythons (D:2)
  2 bats (D:1)
  5 endoplasms
  A giant cockroach (D:1)
  4 goblins
  A hobgoblin (D:1)
  4 jackals (D:1)
  4 quokkas (D:1)
  3 frilled lizards (D:1)
  4 kobolds
  2 rats (D:1)
38 creatures vanquished.

Notes
Turn   | Place    | Note
-------+----------+-------------------------------------------
     0 | D:1      | Frank the Octopode Fighter began the quest for the Orb.
     0 | D:1      | Reached XP level 1. HP: 16/16 MP: 1/1
   106 | D:1      | Reached XP level 2. HP: 19/21 MP: 2/2
   353 | D:1      | Reached XP level 3. HP: 26/26 MP: 3/3
   720 | D:2      | Reached skill level 1 in Stealth
   867 | D:2      | HP: 1/26 [gnoll/+0 flail of protection (8)]
   867 | D:2      | Slain by a gnoll

Illustrated notes

Levels and vault maps discovered:
D:1:      nzn_arrival_water_spiral, layout_loops_cross
D:2:      layout_rooms, nicolae_figureground_pulse, uniq_natasha

Skill      XL: |  1  2  3 |
---------------+----------+-----
Stealth        | 1 |  1.4
Fighting       | |  3.3
Axes           | |  2.3
Dodging        | |  3.6
Shields        | |  3.1

Action                     || total
---------------------------++-------
  Melee: War axe           ||    66
         Constrict         ||    21
         Tentacles         ||    12
         Punch             ||     3
    Use: Scroll            ||     1
   Stab: Sleeping          ||     9
 Armour: Skin              ||    30
  Dodge: Dodged            ||    48
  Block: Buckler           ||    11
